 Dungeon Crawl Stone Soup version 0.24-a0-584-g9d6b971ae4 (webtiles) character file.

Game seed: 10296622730535984496, levelgen mode: deterministic

1687 BigAxe the Cudgeler (level 9, 0/102 HPs)
             Began as a Human Berserker on Sept 6, 2019.
             Was a Priest of Trog.
             Slain by an orc warrior
             ... wielding a +0 glaive
              (2 damage)
             ... on level 6 of the Dungeon.
             The game lasted 00:28:56 (7366 turns).

BigAxe the Cudgeler (Human Berserker)               Turns: 7366, Time: 00:28:56

Health: 0/102      AC: 20    Str: 28    XL:     9   Next: 22%
Magic:  9/9        EV:  9    Int:  7    God:    Trog [***...]
Gold:   267        SH:  0    Dex: 13    Spells: 8/8 levels left

rFire    . . .     SeeInvis .   k - -3 mace (curse)
rCold    . . .     Gourm    .   (no shield)
rNeg     . . .     Faith    .   l - +1 plate armour
rPois    +         Spirit   .   o - +1 helmet
rElec    .         Reflect  .   m - +1 cloak {rPois}
rCorr    .         Harm     .   p - +0 pair of gloves
MR       .....     Rnd*Tele +   f - +0 pair of boots (curse)
Stlth    ..........             i - amulet of inaccuracy (curse)
HPRegen  0.27/turn              h - ring of teleportation (curse)
MPRegen  0.11/turn              D - +2 ring of strength

@: berserking (expiring), very quick
A: no striking features
a: Berserk, Trog's Hand, Renounce Religion


You were on level 6 of the Dungeon.
You worshipped Trog.
Trog was most pleased with you.
You were not hungry.

You visited 1 branch of the dungeon, and saw 6 of its levels.

You collected 267 gold pieces.

Inventory:

Hand Weapons
 a - a +0 hand axe
 k - a cursed -3 mace (weapon)
 s - a cursed +4 battleaxe of freezing
 t - a +0 great sword of distortion
 v - a +2 long sword of freezing
 w - a +4 flail of freezing
 y - a +3 halberd of freezing
Armour
 b - a +0 animal skin
 d - a +0 leather armour
 f - a cursed +0 pair of boots (worn)
 j - a +0 scale mail
 l - a +1 plate armour (worn)
 m - a +1 cloak of poison resistance (worn)
 o - a +1 helmet (worn)
 p - a +0 pair of gloves (worn)
Jewellery
 h - a cursed ring of teleportation (left hand)
 i - a cursed amulet of inaccuracy (around neck)
 n - an uncursed amulet of the gourmand
 u - a +5 ring of intelligence
 D - a +2 ring of strength (right hand)
Wands
 A - a wand of paralysis (9)
Scrolls
 e - 2 scrolls of teleportation
 g - 3 scrolls of amnesia
 q - a scroll of fog
Potions
 x - a potion of agility
 B - a potion of lignification
Comestibles
 c - 7 rations


   Skills:
 + Level 5.4 Fighting
 + Level 5.5(6.8) Axes
 + Level 6.2(7.2) Maces & Flails
 + Level 5.9 Armour
 + Level 3.3 Dodging
 + Level 1.1 Stealth


You had 8 spell levels left.
You didn't know any spells.
Your spell library was empty.

Dungeon Overview and Level Annotations

Branches:
Dungeon (6/15)             Temple (0/1) D:5

Altars:
Ashenzari
Okawaru
Qazlal


Message History

You thump the orc warrior!
The orc warrior is moderately wounded.
The orc warrior hits you but does no damage.
You closely miss the orc warrior.
The orc warrior is moderately wounded.
You barely miss the orc warrior.
The orc warrior is moderately wounded.
The orc warrior hits you but does no damage.
You sock the orc warrior!
The orc warrior is heavily wounded.
You miss the orc warrior.
The orc warrior is heavily wounded.
The orc warrior hits you with a +0 glaive!
* * * LOW HITPOINT WARNING * * *
You hit the orc warrior.
The orc warrior is severely wounded.
You miss the orc warrior.
The orc warrior is severely wounded.
The orc warrior hits you with a +0 glaive.
You die...

.####..).###.#.# ##.##
...........##.#.###...<
#######.###†#............
...........†....#.###>.#.
#..#.#.#.###..........#.
#. #.#.#.#............#.
##%.#.#.#.#.#.#.#.######.
<.............#.#.#......
....#...@.#.###.#.#.#####
.. #.#.o.......#.#.# #..
#.###.#.##### #.# #.# #.
#.#.# #.# #.# # #.# #
#.###.# #.# #.....# #.#
####### #$# #.#


You could see an orc warrior.

Vanquished Creatures
  A hippogriff (D:6)
  2 ice beasts
  4 ogres
  A phantom (D:6)
  A scorpion (D:5)
  An electric eel (D:6)
  4 wights (D:5)
  2 hounds (D:4)
  An orc priest (D:5)
  2 bullfrog skeletons (D:6)
  3 orc wizards
  Crazy Yiuf (D:4)
  2 iguanas (D:5)
  A centaur skeleton (D:5)
  3 worker ants (D:4)
  2 hound skeletons
  A howler monkey skeleton (D:5)
  7 adders
  An ooze (D:2)
  2 worms
  9 dart slugs
  8 leopard geckos
  10 orcs
  3 ball pythons
  3 bats
  9 giant cockroaches
  5 goblins
  7 hobgoblins
  12 jackals
  5 quokkas
  3 frilled lizards
  7 kobolds
  2 quokka skeletons
  5 rats
130 creatures vanquished.

Vanquished Creatures (others)
  A plant (D:5)
1 creature vanquished.

Grand Total: 131 creatures vanquished

Notes
Turn   | Place    | Note
-------+----------+-------------------------------------------
     0 | D:1      | BigAxe the Human Berserker began the quest for the Orb.
     0 | D:1      | Reached XP level 1. HP: 18/18 MP: 1/1
   353 | D:1      | Reached XP level 2. HP: 16/24 MP: 2/2
  1320 | D:2      | Reached XP level 3. HP: 29/29 MP: 3/3
  1651 | D:2      | Reached XP level 4. HP: 22/35 MP: 4/4
  1994 | D:2      | Found a shattered altar of Ashenzari.
  1999 | D:2      | Saw a vision of the Shoals and the Snake Pit.
  1999 | D:2      | Noticed a naga sharpshooter
  1999 | D:2      | Noticed a merfolk siren
  1999 | D:2      | Noticed a merfolk
  1999 | D:2      | Noticed a merfolk
  1999 | D:2      | Noticed a merfolk siren
  1999 | D:2      | Noticed a black mamba
  1999 | D:2      | Noticed a sea snake
  1999 | D:2      | Noticed a naga
  1999 | D:2      | Noticed a centaur
  1999 | D:2      | Noticed a shock serpent
  1999 | D:2      | Noticed a sea snake
  2000 | D:2      | Noticed a sea snake
  2000 | D:2      | Noticed a naga sharpshooter
  2000 | D:2      | Noticed a hippogriff
  2001 | D:2      | Noticed a naga sharpshooter
  2001 | D:2      | Noticed a merfolk siren
  2263 | D:3      | Noticed an ogre
  2274 | D:3      | Killed an ogre
  2274 | D:3      | Reached XP level 5. HP: 41/41 MP: 5/5
  2358 | D:3      | Reached ** piety under Trog
  2401 | D:3      | Found a stormy altar of Qazlal.
  3349 | D:4      | Reached XP level 6. HP: 45/48 MP: 6/6
  3386 | D:4      | Reached skill level 5 in Axes
  3424 | D:4      | Noticed an ogre
  3437 | D:4      | Killed an ogre
  3437 | D:4      | Reached skill level 1 in Stealth
  3704 | D:4      | Found a runed translucent door.
  3705 | D:4      | Noticed Crazy Yiuf
  3722 | D:4      | Found an iron altar of Okawaru.
  3753 | D:4      | Killed Crazy Yiuf
  4130 | D:4      | Reached XP level 7. HP: 33/54 MP: 7/7
  4421 | D:4      | Reached skill level 1 in Maces & Flails
  4502 | D:4      | Reached skill level 2 in Maces & Flails
  4593 | D:5      | Entered Level 5 of the Dungeon
  4653 | D:5      | Reached *** piety under Trog
  4653 | D:5      | Reached skill level 3 in Maces & Flails
  4823 | D:5      | Reached XP level 8. HP: 46/61 MP: 8/8
  4947 | D:5      | Found a staircase to the Ecumenical Temple.
  5005 | D:5      | Reached skill level 4 in Maces & Flails
  5546 | D:5      | Reached skill level 5 in Maces & Flails
  6244 | D:6      | Noticed a hippogriff
  6268 | D:6      | Killed a hippogriff
  6268 | D:6      | Reached skill level 5 in Fighting
  6268 | D:6      | Reached skill level 5 in Armour
  6350 | D:6      | Reached XP level 9. HP: 28/68 MP: 9/9
  6709 | D:6      | HP: 2/68 [electric eel/bolt of electricity (7)]
  7020 | D:6      | Reached skill level 6 in Maces & Flails
  7364 | D:6      | HP: 2/102 [orc warrior/+0 glaive (10)]
  7366 | D:6      | Slain by an orc warrior

Levels and vault maps discovered:
D:1:      tarquinn_simple_flora_water_c, layout_basic
D:2:      layout_rooms, minmay_misc_feat_four_crosses, grunt_ashenzari_visionary
          [grunt_ashenzari_visionary_shoals, grunt_ashenzari_visionary_snake]
D:3:      layout_basic, nicolae_overflow_hidden_temple
D:4:      layout_loops_ring, first_ration, okawaru_metal_pillars_1_2,
          uniq_crazy_yiuf_cottage
D:5:      layout_loops_ring, minmay_temple_entry_gardened_gates
D:6:      kennysheep_slugbush, layout_basic, overflow_temple_1_default,
          eino_small_chamber_without_monster

Skill      XL: |  1  2  3  4  5  6  7  8  9 |
---------------+----------------------------+-----
Axes           | 4 5 |  5.5
Armour         | 3 5 |  5.9
Stealth        | 1 |  1.1
Fighting       | 4 5 |  5.4
Dodging        | 3 |  3.3
Maces & Flails | 3 5 6 |  6.2

Action                   |  1- 3 |  4- 6 |  7- 9 || total
-------------------------+-------+-------+-------++-------
Melee: Hand axe          |   105 |   141 |       ||   246
       Mace              |       |    60 |   794 ||   854
Invok: Berserk           |     1 |     3 |    10 ||    14
       Trog's Hand       |       |     1 |     2 ||     3
  Use: Scroll            |     4 |     2 |     2 ||     8
       Potion            |     1 |     5 |     2 ||     8
  Eat: Ration            |     1 |     1 |     4 ||     6
       Chunk             |       |     7 |     8 ||    15
Armor: Leather armour    |    30 |    25 |       ||    55
       Scale mail        |       |     9 |       ||     9
       Plate armour      |       |    76 |   662 ||   738
Dodge: Dodged            |    65 |    93 |   347 ||   505

Table legend:
 A = Non-vault XP
 B = Vault XP
 C = Vault XP percentage of total XP
 D = Non-vault monster count
 E = Vault monster count
 F = Vault count percentage of total count
                 A         B        C        D         E       F
            +---------+---------+-------+---------+---------+-------
      Total |    2347 |      63 |   2.6 |     123 |       7 |   5.4
            +---------+---------+-------+---------+---------+-------
        D:1 |      28 |       0 |   0.0 |      16 |       0 |   0.0
        D:2 |      58 |       0 |   0.0 |      16 |       0 |   0.0
        D:3 |     161 |       0 |   0.0 |      20 |       0 |   0.0
        D:4 |     375 |      39 |   9.4 |      22 |       1 |   4.3
        D:5 |     997 |       0 |   0.0 |      34 |       0 |   0.0
        D:6 |     728 |      24 |   3.2 |      15 |       6 |  28.6
            +---------+---------+-------+---------+---------+-------
